 Dungeon Crawl Stone Soup version 0.22-a0-392-g5dc3fd9 (webtiles) character file.

20486 Firecrotchwizard the Grappler (level 12, -4/127 HPs)
             Began as a Troll Monk on May 1, 2018.
             Was a High Priest of Makhleb.
             Slain by Rupert
             ... wielding a +0 battleaxe of chopping
              (20 damage)
             ... on level 3 of the Lair of Beasts on May 2, 2018.
             The game lasted 00:25:41 (12098 turns).

Firecrotchwizard the Grappler (Troll Monk)         Turns: 12098, Time: 00:25:42

Health: -4/127     AC:  8    Str: 26    XL:     12   Next: 45%
Magic:  15/15      EV: 15    Int:  6    God:    Makhleb [*****.]
Gold:   819        SH:  0    Dex: 16    Spells: 11/11 levels left

rFire    . . .     SeeInvis .     - Unarmed
rCold    . . .     Gourm    +   (no shield)
rNeg     . . .     Faith    .   a - +0 robe
rPois    +         Spirit   .   U - +0 hat
rElec    .         Reflect  .   p - +2 cloak {+Inv}
rCorr    .         Harm     .   (gloves unavailable)
MR       .....                  (boots unavailable)
Stlth    ++........             F - amulet of the acrobat
HPRegen  0.71/turn              o - ring of poison resistance {rPois, !d}
MPRegen  0.14/turn              G - +4 ring of dexterity

@: no status effects
A: large, unfitting armour, claws 3, fast metabolism 3, gourmand, regeneration
1, shaggy fur 1, tough skin 2
a: Minor Destruction, Lesser Servant of Makhleb, Major Destruction, Greater
Servant of Makhleb, Renounce Religion, Evoke Invisibility


You were on level 3 of the Lair of Beasts.
You worshipped Makhleb.
Makhleb was extremely pleased with you.
You were full.

You visited 3 branches of the dungeon, and saw 14 of its levels.
You also visited: Labyrinth and Sewer.

You collected 819 gold pieces.

Inventory:

Hand Weapons
 q - a +2 scimitar of flaming
   (You took it off Erica on level 8 of the Dungeon)
 t - a +1 blowgun
   (You took it off a kobold on level 3 of the Dungeon)
 N - a +2 shortbow of freezing
   (You found it in a labyrinth)
Missiles
 s - a throwing net {=f, !d}
 u - 87 poisoned needles
 V - 10 javelins of returning (quivered)
Armour
 a - a +0 robe (worn)
 p - a +2 cloak of invisibility (worn)
   (You found it on level 3 of the Dungeon)
 U - a +0 hat (worn)
   (You found it in a labyrinth)
Jewellery
 f - an uncursed ring of see invisible {sInv, !d}
   (You found it on level 7 of the Dungeon)
 o - a ring of poison resistance (left claw) {rPois, !d}
   (You found it on level 2 of the Dungeon)
 F - an amulet of the acrobat (around neck)
   (You found it on level 6 of the Dungeon)
 G - a +4 ring of dexterity (right claw)
   (You found it on level 8 of the Dungeon)
 H - an uncursed ring of flight {+Fly, !d}
   (You took it off a kobold on level 8 of the Dungeon)
 J - an uncursed amulet of rage {+Rage, !d}
   (You found it on level 6 of the Dungeon)
Wands
 y - a wand of iceblast (19)
   (You found it on level 8 of the Dungeon)
 C - a wand of acid (9)
   (You took it off an orc on level 5 of the Dungeon)
 M - a wand of paralysis (11)
   (You found it on level 9 of the Dungeon)
 P - a wand of enslavement (12)
   (You found it on level 10 of the Dungeon)
 Q - a wand of polymorph (8)
   (You found it on level 10 of the Dungeon)
 R - a wand of disintegration (27) {@e1}
   (You found it in a labyrinth)
 S - a wand of flame (21)
   (You found it in a labyrinth)
 T - a wand of random effects (58)
   (You found it in a labyrinth)
Scrolls
 e - 12 scrolls of teleportation
 g - 4 scrolls of remove curse
 h - 8 scrolls of amnesia
 i - a scroll of enchant weapon
 k - a scroll of magic mapping {!r}
 m - 6 scrolls of identify
 v - 2 scrolls of fog
 I - a scroll of noise {!r}
 K - a scroll of summoning {unknown}
 O - a scroll of immolation {unknown}
Potions
 c - 5 potions of brilliance
 d - a potion of magic {unknown}
 j - 4 potions of agility
 l - 6 potions of heal wounds
 n - 2 potions of cancellation
 r - 2 potions of haste
 w - 2 potions of degeneration {@e1!q}
 x - 2 potions of lignification {!q}
 z - 5 potions of curing
 A - 4 potions of flight
 B - 2 potions of might
 D - a potion of ambrosia {unknown}
 E - a potion of mutation {unknown}
 L - a potion of berserk rage {unknown}
Comestibles
 b - 26 rations {@e1}


   Skills:
 + Level 10.5 Fighting
 + Level 7.9 Dodging
 - Level 1.0 Stealth
 - Level 11.9 Unarmed Combat
 + Level 6.2 Invocations
 - Level 3.9 Evocations


You had 11 spell levels left.
You didn't know any spells.

Dungeon Overview and Level Annotations

Branches:
Dungeon (10/15)            Temple (1/1) D:7            Lair (3/6) D:10
  Swamp: Lair:2-4    Shoals: Lair:2-4     Snake: Lair:2-4    Spider: Lair:2-4
    Orc: D:9-12

Altars:
Ashenzari
Cheibriados
Elyvilon
Gozag
Hepliaklqana
Kikubaaqudgha
Makhleb
Nemelex Xobeh
Okawaru
Qazlal
Vehumet
Xom
Yredelemnul
Zin
The Shining One

Shops:
D:5 [

Annotations:
Lair:3 Rupert


Innate Abilities, Weirdness & Mutations

You are too large for most types of armour.
You have claws for hands.
Your metabolism is lightning-fast.
You like to eat raw meat.
Your natural rate of healing is unusually fast.
You are covered in fur. (AC +1)
You have very tough skin. (AC +2)


Message History

The floor.
The yak completely misses you. The yak gores you but does no damage.
The yak completely misses you.
There is a stone staircase leading up here.
You mangle the yak!! The yak gores you!
You take 8 damage, and have 119/127 hp.
You scratch the yak. The yak completely misses you.
You scratch the yak.
You kill the yak!
Makhleb accepts your kill.
You feel better. The yak gores you!
You take 1 damage, and have 118/127 hp.
You barely miss the yak. The yak closely misses you. The yak gores you!
You take 9 damage, and have 109/127 hp.
You mangle the yak!! The yak barely misses you. The yak closely misses you.
You barely miss the yak.
You kill the yak!
Makhleb accepts your kill.
You feel better.
You regained 9 hp, and now have 119/127 hp.
You eviscerate the yak!!! The yak barely misses you.
You mangle the yak!!
You kill the yak!
Makhleb accepts your kill.
You feel better. The yak gores you! x2
You take 12 damage, and have 108/127 hp.
You barely miss the yak. The yak gores you!
You take 13 damage, and have 95/127 hp.
You scratch the yak. You claw the yak!! The yak closely misses you.
You mangle the yak!!
You kill the yak!
Makhleb accepts your kill.
You feel better. The yak barely misses you.
You regained 7 hp, and now have 103/127 hp.
You claw the yak! You claw the yak, but do no damage.
The yak closely misses you.
You scratch the yak. The yak misses you.
You claw the yak!
Rupert shouts!
You mangle the yak!! The yak closely misses you.
You claw the yak!
You kill the yak!
Makhleb accepts your kill.
You feel better.
You regained 10 hp, and now have 115/127 hp.
You scratch Rupert. You claw Rupert.
Rupert screams, "Hurray!"
Rupert yells loudly at you.
You suddenly lose the ability to move!
Rupert hits you with a battleaxe of chopping!!
Rupert hits you with a battleaxe of chopping!
Rupert roars madly and goes into a rage!
Rupert goes berserk!
Rupert hits you with a battleaxe of chopping!!
You can move again.
You take 58 damage, and have 57/127 hp.
MASSIVE DAMAGE!!
A demon appears!
Rupert hits you with a battleaxe of chopping!!
* * * LOW HITPOINT WARNING * * *
x2 You take 42 damage, and have 15/127 hp.
MASSIVE DAMAGE!!
You feel much better.
Rupert hits you with a battleaxe of chopping!!
* * * LOW HITPOINT WARNING * * *
x2 Rupert hits you but does no damage.
Your neqoxec gestures at Rupert.
Rupert twists and deforms.
You take 8 damage, and have 7/127 hp.
You feel much better.
Your neqoxec hits Rupert!
You regained 34 hp, and now have 41/127 hp.
You feel much better.
Rupert hits your neqoxec with a battleaxe of chopping!!!
Your neqoxec dies!
Rupert misses you.
You regained 22 hp, and now have 63/127 hp.
Rupert shouts!
You scratch Rupert. Rupert closely misses you.
You closely miss Rupert. Rupert barely misses you.
You mangle Rupert!!
Rupert hits you with a battleaxe of chopping!
You take 10 damage, and have 54/127 hp.
You scratch Rupert.
Rupert hits you with a battleaxe of chopping!!
* * * LOW HITPOINT WARNING * * *
x2 You take 33 damage, and have 21/127 hp.
MASSIVE DAMAGE!!
You mangle Rupert!!
Rupert hits you with a battleaxe of chopping.
* * * LOW HITPOINT WARNING * * *
x2 You take 3 damage, and have 18/127 hp.
You claw Rupert!
Rupert hits you with a battleaxe of chopping.
* * * LOW HITPOINT WARNING * * *
x2 You take 3 damage, and have 15/127 hp.
You claw Rupert! You scratch Rupert.
Rupert hits you with a battleaxe of chopping!!
You die...

.#...@.#. ....
@.8.#(.. .8. #...#.(.
.. + ..... Y#.###.#
...###(....
##+.##.#†#.#.#... ..
##...#............
....#..††.#...#.......
.....8.@@8##..##......
...........#...##P....
....##.8..#..P## .P...
......###.....P.......
....##................
.. #.........#P..P...
. #...............
.#..............
#..##..........


You could see Rupert (berserk).

Vanquished Creatures
  A minotaur (Lab)
  Erica (D:8)
  A two-headed ogre (D:10)
  The ghost of heteroy the Ducker, a novice GnWn of Uskayaw (D:7)
  A centaur zombie (D:10)
  7 spiny frogs
  6 komodo dragons
  The ghost of grandjackal the Slasher, a novice TeBe of Trog (D:4)
  A hippogriff (D:8)
  2 blink frogs (Lair:1)
  A spriggan (D:7)
  33 yaks
  2 hungry ghosts (D:7)
  5 water moccasins
  5 porcupines
  5 orc warriors
  3 sky beasts
  3 ice beasts
  2 phantoms
  7 ogres
  2 centaurs
  5 wolves (Lair:2)
  4 crocodiles
  5 big kobolds
  6 bullfrogs
  3 scorpions (D:4)
  16 killer bees
  A vampire bat (D:4)
  4 electric eels (D:10)
  14 crimson imps
  A quasit (D:9)
  A bullfrog zombie (D:5)
  A hound (D:8)
  4 jellies
  A bullfrog skeleton (D:5)
  2 centaur skeletons
  A gnoll shaman (D:6)
  6 orc priests
  12 orc wizards
  12 worker ants
  3 iguanas
  2 hound skeletons
  A howler monkey zombie (D:5)
  A worker ant zombie (D:5)
  14 adders
  8 gnolls (D:6)
  8 river rats (Sewer)
  5 shadow imps
  A white imp (D:7)
  2 adder skeletons
  3 worms
  3 dart slugs (D:1)
  3 fire bats (D:4)
  7 leopard geckos
  30 orcs
  2 spectral bats (D:4)
  6 ball pythons
  15 bats
  3 bat skeletons (D:4)
  A bat zombie (D:4)
  7 giant cockroaches
  9 goblins
  10 hobgoblins
  15 jackals
  4 quokkas
  A bat simulacrum (D:4)
  9 frilled lizards
  A jackal skeleton (D:4)
  A jackal zombie (D:6)
  34 kobolds
  A leopard gecko skeleton (D:5)
  A leopard gecko zombie (D:5)
  24 rats
424 creatures vanquished.

Vanquished Creatures (others)
  An orc (D:7)
  A jackal (D:8)
2 creatures vanquished.

Grand Total: 426 creatures vanquished

Notes
Turn   | Place    | Note
-------+----------+-------------------------------------------
     0 | D:1      | Firecrotchwizard the Troll Monk began the quest for the Orb.
     0 | D:1      | Reached XP level 1. HP: 22/22 MP: 0/0
    74 | D:1      | Reached XP level 2. HP: 29/29 MP: 1/1
   599 | D:1      | Reached XP level 3. HP: 36/36 MP: 2/2
   950 | D:2      | Reached skill level 4 in Unarmed Combat
  1031 | D:2      | Reached skill level 3 in Fighting
  1182 | D:2      | Reached XP level 4. HP: 44/45 MP: 3/3
  1862 | D:3      | Found an ancient bone altar of Kikubaaqudgha.
  2144 | D:3      | Found a hazy altar of Hepliaklqana.
  2145 | D:3      | Found a shimmering altar of Xom.
  2145 | D:3      | Noticed a hungry ghost
  2146 | D:3      | Noticed a spectral ugly thing
  2146 | D:3      | Noticed a hungry ghost
  2396 | D:4      | Noticed grandjackal's ghost (novice TeBe)
  2417 | D:4      | Killed grandjackal's ghost
  2417 | D:4      | Reached skill level 4 in Fighting
  2417 | D:4      | Reached skill level 6 in Unarmed Combat
  2417 | D:4      | Reached XP level 5. HP: 27/54 MP: 4/4
  2417 | D:4      | Reached XP level 6. HP: 32/62 MP: 5/5
  2604 | D:4      | Reached XP level 7. HP: 70/70 MP: 6/6
  2622 | D:4      | Found a glowing drain.
  2626 | Sewer    | Entered a sewer
  2747 | Sewer    | Reached skill level 7 in Unarmed Combat
  3433 | D:4      | Reached skill level 5 in Fighting
  3433 | D:4      | Reached skill level 8 in Unarmed Combat
  3534 | D:4      | Reached XP level 8. HP: 80/80 MP: 7/7
  3798 | D:4      | Found a white marble altar of Elyvilon.
  3968 | D:5      | Entered Level 5 of the Dungeon
  4105 | D:5      | Reached skill level 9 in Unarmed Combat
  4283 | D:5      | Found a sparkling altar of Nemelex Xobeh.
  4283 | D:5      | Found an opulent altar of Gozag.
  4457 | D:5      | Found Xofahia's Armour Shop.
  4705 | D:6      | Reached skill level 6 in Fighting
  4761 | D:6      | Reached skill level 10 in Unarmed Combat
  4787 | D:6      | Reached XP level 9. HP: 54/89 MP: 8/8
  5556 | D:7      | Found a staircase to the Ecumenical Temple.
  5582 | Temple   | Entered the Ecumenical Temple
  5592 | Temple   | Became a worshipper of Makhleb the Destroyer
  5592 | Temple   | Reached * piety under Makhleb
  5592 | Temple   | Reached ** piety under Makhleb
  5777 | D:7      | Reached skill level 11 in Unarmed Combat
  5838 | D:7      | Reached skill level 7 in Fighting
  6055 | D:7      | Noticed heteroy's ghost (novice GnWn)
  6065 | D:7      | Killed heteroy's ghost
  6065 | D:7      | Reached XP level 10. HP: 96/102 MP: 9/9
  6309 | D:8      | Reached skill level 3 in Dodging
  6421 | D:8      | Reached *** piety under Makhleb
  6429 | D:8      | Reached skill level 1 in Evocations
  6522 | D:8      | Noticed Erica
  6538 | D:8      | Killed Erica
  6538 | D:8      | Reached skill level 8 in Fighting
  6538 | D:8      | Reached skill level 2 in Evocations
  6931 | D:9      | Reached skill level 4 in Dodging
  7099 | D:9      | Found a stormy altar of Qazlal.
  7427 | D:9      | Reached skill level 3 in Evocations
  7634 | D:10     | Entered Level 10 of the Dungeon
  7659 | D:10     | Noticed a two-headed ogre
  7676 | D:10     | Killed a two-headed ogre
  7982 | D:10     | Found a staircase to the Lair.
  8074 | D:10     | Reached skill level 5 in Dodging
  8078 | D:10     | Reached **** piety under Makhleb
  8096 | D:10     | HP: 26/106 [poisoned by a killer bee]
  8101 | D:10     | HP: 25/106 [poisoned by a killer bee]
  8105 | D:10     | Reached XP level 11. HP: 27/113 MP: 12/12
  8106 | D:10     | HP: 26/113 [poisoned by a killer bee]
  8111 | D:10     | HP: 26/113 [poisoned by a killer bee]
  8117 | D:10     | HP: 26/113 [poisoned by a killer bee]
  8122 | D:10     | HP: 27/113 [poisoned by a killer bee]
  8479 | D:10     | Reached skill level 9 in Fighting
  8484 | D:10     | Reached skill level 1 in Invocations
  8561 | D:10     | Found a glowing silver altar of Zin.
  8731 | D:10     | Reached skill level 2 in Invocations
  9585 | Lair:1   | Entered Level 1 of the Lair of Beasts
  9602 | Lair:1   | Reached skill level 6 in Dodging
  9647 | Lair:1   | Reached skill level 3 in Invocations
  9752 | Lair:1   | Found a labyrinth entrance.
  9756 | Lab      | Entered a labyrinth
  9938 | Lab      | Noticed a minotaur
  9947 | Lab      | Killed a minotaur
  9977 | Lair:1   | Reached skill level 4 in Invocations
 10311 | Lair:1   | Reached skill level 7 in Dodging
 10323 | Lair:1   | Reached skill level 10 in Fighting
 10423 | Lair:1   | Reached XP level 12. HP: 124/126 MP: 14/14
 10635 | Lair:1   | Reached skill level 5 in Invocations
 11112 | Lair:2   | Reached ***** piety under Makhleb
 11334 | Lair:2   | Found a radiant altar of Vehumet.
 12056 | Lair:3   | Reached skill level 6 in Invocations
 12058 | Lair:3   | Noticed Rupert
 12081 | Lair:3   | Paralysed by Rupert for 5 turns
 12087 | Lair:3   | HP: 23/127 [Rupert/battleaxe of chopping (30)]
 12088 | Lair:3   | HP: 7/127 [Rupert/battleaxe of chopping (9)]
 12094 | Lair:3   | HP: 28/127 [Rupert/battleaxe of chopping (27)]
 12098 | Lair:3   | Slain by Rupert

Vault maps used:
D:1:      dpeg_arrival_another_circle
D:3:      nicolae_overflow_hidden_temple, regret_index_temple_of_mockery
D:4:      kennysheep_mini_moat, first_ration, gup_sewer_entry_bowl,
          goddamned_bats
D:5:      grunt_temple_overflow_opulence, serial_shops, shop
D:7:      temple_pool_b, the_bakery, minmay_nine_imps
D:8:      uniq_erica
D:9:      nicolae_qazlal_general_emergency
D:10:     kennysheep_six_static_rooms, basic_altar
Temple:   eino_temple_rhombus
Lair:1:   lab_entry_generic, grunt_megastairs_2
Lair:2:   basic_altar
Lair:3:   elwin_shoals_entry_rooms, spider_nest_entry_rubble,
          grunt_megastairs_1, uniq_rupert, uniq_urug
Lab:      labyrinth_hidden_loot, labyrinth_skeletal_remains, nicolae_lab_lava
Sewer:    sewer_minmay_treatment

Skill      XL: |  1  2  3  4  5  6  7  8  9 10 11 12 |
---------------+-------------------------------------+-----
Unarmed Combat | 4 6 8 10 11 | 11.9
Fighting       | 3 4 5 6 7 8 10 | 10.5
Dodging        | 5 7 |  7.9
Evocations     | 3 |  3.9
Invocations    | 4 6 |  6.2
Stealth        | |  1.0

Action                   |  1- 3 |  4- 6 |  7- 9 | 10-12 || total
-------------------------+-------+-------+-------+-------++-------
Melee: Unarmed           |    81 |   114 |   436 |   586 ||  1217
       Punch             |     1 |     2 |    15 |    31 ||    49
 Fire: Blowgun           |       |       |     6 |     5 ||    11
Throw: Javelin           |       |       |       |    58 ||    58
Invok: Lesser Servant of |       |       |       |     1 ||     1
  Use: Scroll            |       |       |     8 |    17 ||    25
       Potion            |       |       |       |     4 ||     4
 Stab: Sleeping          |     5 |     2 |     5 |     5 ||    17
       Distracted        |       |       |     2 |       ||     2
  Eat: Chunk             |    16 |    11 |    40 |    53 ||   120
Armor: Robe              |    29 |    36 |   178 |   156 ||   399
Dodge: Dodged            |    30 |    53 |   214 |   378 ||   675

Table legend:
 A = Spawn XP
 B = Non-spawn XP
 C = Spawn XP percentage of total XP
 D = Spawn monster count
 E = Non-spawn monster count
 F = Spawn count percentage of total count
 G = Total turns spent on level
                    A         B        C        D         E        F      G
               +---------+---------+-------+---------+---------+-------+---------
         Total |       0 |   29267 |   0.0 |       0 |     424 |   0.0 | 12098
               +---------+---------+-------+---------+---------+-------+---------
           D:1 |       0 |      51 |   0.0 |       0 |      25 |   0.0 |   940
           D:2 |       0 |      57 |   0.0 |       0 |      17 |   0.0 |   581
           D:3 |       0 |      63 |   0.0 |       0 |      22 |   0.0 |   854
           D:4 |       0 |    1086 |   0.0 |       0 |      44 |   0.0 |  1132
           D:5 |       0 |     810 |   0.0 |       0 |      29 |   0.0 |   622
           D:6 |       0 |     629 |   0.0 |       0 |      25 |   0.0 |   907
           D:7 |       0 |    2934 |   0.0 |       0 |      40 |   0.0 |   647
           D:8 |       0 |    2034 |   0.0 |       0 |      36 |   0.0 |   750
           D:9 |       0 |    1573 |   0.0 |       0 |      31 |   0.0 |   723
          D:10 |       0 |    5543 |   0.0 |       0 |      48 |   0.0 |  1951
        Lair:1 |       0 |    6459 |   0.0 |       0 |      24 |   0.0 |   923
        Lair:2 |       0 |    4764 |   0.0 |       0 |      27 |   0.0 |  1320
        Lair:3 |       0 |    1617 |   0.0 |       0 |       7 |   0.0 |    61
           Lab |       0 |    1269 |   0.0 |       0 |       1 |   0.0 |   209
         Sewer |       0 |     378 |   0.0 |       0 |      48 |   0.0 |   461
               +---------+---------+-------+---------+---------+-------+---------

Vault maps used:
D:1:      dpeg_arrival_another_circle
D:3:      nicolae_overflow_hidden_temple, regret_index_temple_of_mockery
D:4:      kennysheep_mini_moat, first_ration, gup_sewer_entry_bowl,
          goddamned_bats
D:5:      grunt_temple_overflow_opulence, serial_shops, shop
D:7:      temple_pool_b, the_bakery, minmay_nine_imps
D:8:      uniq_erica
D:9:      nicolae_qazlal_general_emergency
D:10:     kennysheep_six_static_rooms, basic_altar
Temple:   eino_temple_rhombus
Lair:1:   lab_entry_generic, grunt_megastairs_2
Lair:2:   basic_altar
Lair:3:   elwin_shoals_entry_rooms, spider_nest_entry_rubble,
          grunt_megastairs_1, uniq_rupert, uniq_urug
Lab:      labyrinth_hidden_loot, labyrinth_skeletal_remains, nicolae_lab_lava
Sewer:    sewer_minmay_treatment

Table legend:
 A = Turns spent in this place as a percentage of turns spent in the entire game.
 B = Non-inter-level travel turns spent in this place as a percentage of non-inter-level travel turns spent in the entire game.
 C = Inter-level travel turns spent in this place as a percentage of turns spent in this place.
 D = Turns resting spent in this place as a percentage of non-inter-level travel turns spent in this place.
 E = Turns spent auto-exploring this place as a percentage of non-inter-level travel turns spent in this place.
 F = Non-inter-level travel turns spent in this place divided by the number of levels of this place that you've seen.
                   A       B       C       D       E      F
               +-------+-------+-------+-------+-------+----------------------
         Total | 100.0 | 100.0 |   3.0 |  10.5 |  64.8 | 733.5
       Dungeon |  75.3 |  75.1 |   3.2 |  11.2 |  65.8 | 881.5
        Temple |   0.1 |   0.0 |  76.5 |   0.0 |  50.0 |   4.0
          Lair |  19.0 |  19.1 |   2.5 |  11.2 |  68.7 | 749.0
     Labyrinth |   1.7 |   1.8 |   0.0 |   0.0 |   0.0 | 209.0
         Sewer |   3.8 |   3.9 |   0.0 |   0.0 |  56.8 | 461.0
               +-------+-------+-------+-------+-------+----------------------

Table legend:
 A = Kills in this place as a percentage of kills in entire the game.
 B = Kills by you in this place as a percentage of kills by you in the entire game.
 C = Kills by friends in this place as a percentage of kills by friends in the entire game.
 D = Other kills in this place as a percentage of other kills in the entire game.
 E = Experience gained in this place as a percentage of experience gained in the entire game.
 F = Experience gained in this place divided by the number of levels of this place that you have seen.
                   A       B       C       D       E      F
               +-------+-------+-------+-------+-------+----------------------
         Total | 100.0 | 100.0 |   N/A |   N/A | 100.0 | 1829.2
       Dungeon |  74.8 |  74.8 |   N/A |   N/A |  50.5 | 1478.0
          Lair |  13.7 |  13.7 |   N/A |   N/A |  43.9 | 4280.0
     Labyrinth |   0.2 |   0.2 |   N/A |   N/A |   4.3 | 1269.0
         Sewer |  11.3 |  11.3 |   N/A |   N/A |   1.3 | 378.0
               +-------+-------+-------+-------+-------+----------------------
